 Dungeon Crawl Stone Soup version 0.28-a0-1348-g050f3537b9 (webtiles) character file.

Game seed: 12842741907759070654

81 Deminshera the Sneak (level 4, 0/27 HPs)
             Began as a Kobold Brigand on Dec 30, 2021.
             Slain by a water moccasin zombie (3 damage)
             ... on level 3 of the Dungeon.
             The game lasted 00:04:01 (3298 turns).

Deminshera the Sneak (Kobold Brigand)               Turns: 3298, Time: 00:04:02

Health: 0/27       AC:  3    Str: 10    XL:     4   Next: 68%
Magic:  4/4        EV: 14    Int: 12    God:
Gold:   125        SH:  0    Dex: 16    Spells: 2/4 levels left

rFire   . . .      SeeInvis +   a - +2 dagger
rCold   . . .      Faith    .   (no shield)
rNeg    . . .      Spirit   .   b - +0 robe
rPois   .          Reflect  .   (no helmet)
rElec   .          Harm     .   c - +0 cloak
rCorr   .          Rampage  .   (no gloves)
Will    .....                   (no boots)
Stlth   +++++.....              (no amulet)
HPRegen 0.09/turn               m - ring of see invisible
MPRegen 0.09/turn               (no ring)

@: flying
A: small, no large weapons, nightstalker 3
a: no special abilities


You were on level 3 of the Dungeon.
You visited 1 branch of the dungeon, and saw 3 of its levels.

You collected 125 gold pieces.

Inventory:

Hand Weapons
 a - a +2 dagger (weapon)
Missiles
 d - 8 poisoned darts (quivered)
 e - 2 curare-tipped darts
Armour
 b - a +0 robe (worn)
 c - a +0 cloak (worn)
Jewellery
 m - a ring of see invisible (left hand)
Scrolls
 g - 2 scrolls of identify {unknown}
 i - a scroll of amnesia {unknown}
 l - a scroll of vulnerability {unknown}
Potions
 h - a potion of mutation {unknown}
 j - a potion of degeneration {unknown}
 k - a potion of curing {unknown}


   Skills:
 - Level 2.3 Fighting
 - Level 3.2 Short Blades
 - Level 2.1 Throwing
 - Level 1.2 Dodging
 - Level 7.3 Stealth
 + Level 0.5 Spellcasting
 + Level 0.4 Hexes
 + Level 0.4 Ice Magic


You had 2 spell levels left.
You knew the following spells:

 Your Spells              Type           Power      Damage    Failure   Level
a - Ensorcelled Hibernat  Hex/Ice        2%         N/A       38%         2

Your spell library contained the following spells:

 Spells                   Type           Power      Damage    Failure   Level
 Corpse Rot               Necr/Air       0%         N/A       43%         2
 Poisonous Vapours        Pois/Air       0%         N/A       43%         2
 Tukima's Dance           Hex            1%         N/A       63%         3
 Summon Forest            Summ/Tloc      0%         N/A       100%        5
 Summon Mana Viper        Hex/Summ       0%         N/A       100%        5
 Summon Cactus Giant      Summ           0%         N/A       100%        6
 Enfeeble                 Hex            0%         N/A       100%        7


Dungeon Overview and Level Annotations

Branches:
Dungeon (3/15)

Altars:

Shops:
D:1 (


Innate Abilities, Weirdness & Mutations

You are small and have problems with some larger weapons.
You are completely attuned to the shadows.


Message History

The water moccasin zombie is lightly damaged.
The water moccasin zombie bites you.
You hit the water moccasin zombie.
The water moccasin zombie is lightly damaged.
The water moccasin zombie misses you.
You closely miss the water moccasin zombie.
The water moccasin zombie is lightly damaged.
The water moccasin zombie bites you!
You hit the water moccasin zombie.
The water moccasin zombie is moderately damaged.
The water moccasin zombie bites you but does no damage.
You see here a hobgoblin corpse.
The water moccasin zombie bites you.
The water moccasin zombie barely misses you.
Press: ? - help, v - describe, . - travel The floor.
The water moccasin zombie closely misses you.
You aren't carrying any items that you can evoke.
Okay, then.
You hit the water moccasin zombie.
The water moccasin zombie is moderately damaged.
The water moccasin zombie misses you.
You hit the water moccasin zombie.
The water moccasin zombie is heavily damaged.
The water moccasin zombie barely misses you.
You hit the water moccasin zombie.
The water moccasin zombie is heavily damaged.
The water moccasin zombie bites you but does no damage.
You barely miss the water moccasin zombie.
The water moccasin zombie is heavily damaged.
The water moccasin zombie bites you.
You hit the water moccasin zombie.
The water moccasin zombie is heavily damaged.
A goblin comes into view. It is wielding a +0 dagger.
The water moccasin zombie bites you.
* * * LOW HITPOINT WARNING * * *
It was a potion of flight.
You feel very buoyant.
You fly up into the air.
The water moccasin zombie bites you.
You die...

##.....##...#...#.###.
########...#.#.#.....
#...#.#...####
#.#.#'###.#
###..........#
#...###......#
###.#.#(#.#....#
#.....#.#......#
#.#....Z@..g#..#
##.....##÷##....÷#
...###.#...#.###..)
.#.#).........(#.#..
...###.#...#.###...#
...)...##.##..
###.#).†......
#.....#.#...
###.#.#.#.#.


You could see a water moccasin zombie and a goblin (wandering).

Vanquished Creatures
  2 adders (D:2)
  5 worms
  An orc (D:3)
  3 endoplasms
  4 goblins
  5 hobgoblins
  A jackal (D:3)
  3 quokkas
  6 ball pythons
  A ball python skeleton (D:3)
  4 bats
  3 frilled lizards
  6 kobolds
  A quokka zombie (D:3)
  2 rats
47 creatures vanquished.

Vanquished Creatures (others)
  2 withered plants (D:3)
2 creatures vanquished.

Grand Total: 49 creatures vanquished

Notes
Turn   | Place    | Note
-------+----------+-------------------------------------------
     0 | D:1      | Deminshera the Kobold Brigand began the quest for the Orb.
     0 | D:1      | Reached XP level 1. HP: 12/12 MP: 1/1
   503 | D:1      | Found Ratsoa's Antique Weapon Shop.
   639 | D:1      | Reached XP level 2. HP: 10/17 MP: 2/2
   645 | D:1      | Reached skill level 6 in Stealth
  1916 | D:2      | Reached XP level 3. HP: 13/21 MP: 3/3
  2200 | D:2      | Found a faded altar of an unknown god.
  2386 | D:2      | Reached skill level 7 in Stealth
  2386 | D:2      | Reached XP level 4. HP: 27/27 MP: 4/4
  2684 | D:3      | Learned a level 2 spell: Ensorcelled Hibernation
  3298 | D:3      | Slain by a water moccasin zombie

Illustrated notes

Levels and vault maps discovered:
D:1:      eino_arrival_cavern_a, layout_basic, serial_shops,
          nicolae_shop_crystal, corexii_leaking_fountain
D:2:      layout_rooms, basic_ecumenical_altar, kennysheep_crisscross,
          minivault_19
D:3:      layout_basic, serial_undead, serial_undead_b, serial_undead_e,
          serial_undead_c, serial_undead_b, gammafunk_ghost_mausoleum,
          minmay_fractal_squares_5

Skill      XL: |  1  2  3 |
---------------+----------+-----
Stealth        | 6 7 |  7.3
Short Blades   | 3 |  3.2
Fighting       | |  2.3
Throwing       | |  2.1
Dodging        | |  1.2
Spellcasting   | |  0.5
Hexes          | |  0.4
Ice Magic      | |  0.4

Action                   |  1- 3 |  4- 6 || total
-------------------------+-------+-------++-------
Melee: Dagger            |    67 |    69 ||   136
Throw: Dart              |    16 |       ||    16
  Use: Potion            |       |     1 ||     1
 Stab: Sleeping          |    12 |    11 ||    23
       Distracted        |       |     1 ||     1
Armor: Robe              |     5 |    10 ||    15
Dodge: Dodged            |    40 |    25 ||    65

Table legend: (Time is in decaauts)
 A = Elapsed time spent in this place.
 B = Non-inter-level travel time spent in this place.
 C = Inter-level travel time spent in this place.
 D = Time resting spent in this place.
 E = Time spent auto-exploring this place.
 F = Levels seen in this place.
 G = Mean time per level.
                   A        B        C        D        E       F      G
               +--------+--------+--------+--------+--------+-----+--------+
         Total |   3277 |   3255 |     22 |   1245 |   1637 |   3 | 1092.3 |
       Dungeon |   3277 |   3255 |     22 |   1245 |   1637 |   3 | 1092.3 |
               +--------+--------+--------+--------+--------+-----+--------+

Top non-repeatable levels by time:
     D:1: 1736 daAuts
     D:2: 907 daAuts
     D:3: 634 daAuts
